 Dungeon Crawl Stone Soup version 0.18-a0-775-g4d9e04e (webtiles) character file.

7718 4thArraOfDagon the Grappler (level 11, -2/95 HPs)
             Began as a Pale Draconian Artificer on Dec 13, 2015.
             Was an Elder of Cheibriados.
             Killed from afar by an efreet (14 damage)
             ... with a bolt of fire
             ... on level 13 of the Dungeon.
             The game lasted 00:25:55 (4823 turns).

4thArraOfDagon the Grappler (DrAr)                  Turns: 4823, Time: 00:25:56

Health: -2/95      AC:  9    Str: 24    XL:     11   Next: 0%
Magic:  11/16      EV: 19    Int: 21    God:    Cheibriados [****..]
Gold:   576        SH:  0    Dex: 23    Spells: 0 memorised, 10 levels left

rFire  . . .     SeeInvis .       - Unarmed
rCold  + . .     Clarity  .     (armour unavailable)
rNeg   + + .     SustAt   .     (no shield)
rPois  .         Gourm    .     (helmet restricted)
rElec  .         Spirit   .     s - +1 cloak
rCorr  .         Dismiss  .     (no gloves)
rMut   .         Stasis   .     (no boots)
MR     .....                    (no amulet)
Stlth  +++.......               z - ring of Wextugum {rC+ rN++ MP-9 Stlth+}
                                y - ring of magical power

@: short of breath, very slow, not resistant to hostile enchantments, fairly
stealthy
A: breathe steam, unfitting armour, cold-blooded, AC +7
a: Breathe Steam, Bend Time, Temporal Distortion, Slouch, Renounce Religion


You were on level 13 of the Dungeon.
You worshipped Cheibriados.
Cheibriados was greatly pleased with you.
You were hungry.

You visited 2 branches of the dungeon, and saw 14 of its levels.

You collected 576 gold pieces.

Inventory:

Hand Weapons
 r - a +0 blowgun
 H - the +11 hand axe of Qebienudd {chop, rElec rF+ Int+2}
   (You found it on level 11 of the Dungeon)

   It inflicts extra damage upon your enemies.
   It affects your intelligence (+2).
   It protects you from fire.
   It insulates you from electricity.
Missiles
 B - 12 poisoned needles
 I - a curare-tipped needle
Armour
 p - a +0 shield
 s - a +1 cloak (worn)
Magical Staves
 e - an uncursed staff of earth
Jewellery
 y - a ring of magical power (left hand)
 z - the ring of Wextugum (right hand) {rC+ rN++ MP-9 Stlth+}
   (You found it on level 7 of the Dungeon)

   [ring of stealth]

   It protects you from cold.
   It greatly protects you from negative energy.
   It affects your magic capacity (-9).
   It makes you more stealthy.
Wands
 b - a wand of flame (0)
 c - a wand of enslavement (16)
 d - a wand of random effects (8)
 C - a wand of fire (5)
 D - a wand of flame (36)
 E - a wand of enslavement (9)
Scrolls
 j - 5 scrolls of amnesia
 l - a scroll of fog
 n - 2 scrolls of enchant weapon
 t - 2 scrolls of remove curse
 u - a scroll of random uselessness {unknown}
 w - a scroll of teleportation
 A - 2 scrolls of magic mapping
Potions
 g - a potion of degeneration {unknown}
 h - 2 potions of lignification
 i - 3 potions of heal wounds
 k - 2 potions of flight
 o - 2 potions of might
 q - 2 potions of resistance
 v - 2 potions of curing
 F - 2 potions of magic
Books
 x - a Necronomicon

   Spells                             Type                      Level
   a - Haunt                          Necromancy/Summoning         7
   b - Borgnjor's Revivification      Necromancy                   8
   c - Death's Door                   Charms/Necromancy            8
   d - Necromutation                  Transmutation/Necromancy     8
Comestibles
 f - 4 bread rations
 m - 3 meat rations
 G - 2 fruits


   Skills:
 + Level 8.5 Fighting
   Level 1.0 Short Blades
 + Level 7.1 Dodging
 - Level 0.8 Stealth
 * Level 11.3 Unarmed Combat
 + Level 7.0 Invocations
 - Level 3.2 Evocations


You had 10 spell levels left.
You didn't know any spells.

Dungeon Overview and Level Annotations

Branches:
Dungeon (13/15)            Temple (1/1) D:7             Orc (0/2) D:11
   Lair: D:8-11      Vaults: D:13-14

Altars:
Cheibriados
Elyvilon
Gozag
Kikubaaqudgha
Makhleb
Nemelex Xobeh
Okawaru
Pakellas
Qazlal
Vehumet
Xom
Yredelemnul
Zin
The Shining One

Annotations:
D:8 exclusion: killer bee


Innate Abilities, Weirdness & Mutations

You can breathe blasts of scalding, opaque steam.
Your pale cyan-grey scales are hard (AC +7).
Your body does not fit into most forms of armour.
You are cold-blooded and may be slowed by cold attacks.


Message History

The efreet gestures at you.
The fireball explodes!
The fireball engulfs you!
Unknown command.
Unknown command.
Unknown command.
You barely miss the efreet.
The efreet is heavily wounded.
The efreet gestures at you.
The fireball explodes!
The fireball engulfs you!
* * * LOW HITPOINT WARNING * * *
The fireball engulfs the efreet.
The efreet completely resists.
Unknown command.
Unknown command.
Okay, then.
Unknown command.
Unknown command.
You fail to use your ability.
The efreet gestures at you. The bolt of fire hits you!
You die...

#.# #.#
#.# #.#
#.# #.#
#.# #.#
#.# #.#
#.#
#.######.#
#.....(.(#
#......)@#
#.....()R#
#.######§#
#.# #§#
#.# #)#
#.# #.# #.
#.# #)#
#§#


You could see an efreet.

Vanquished Creatures
  A centaur warrior (D:13)
  A hill giant (D:10)
  2 deep elf magi
  An ugly thing (D:11)
  A cyclops (D:11)
  3 trolls
  Sigmund (D:2)
  2 wyverns
  A hippogriff (D:11)
  2 hungry ghosts (D:10)
  3 orc warriors
  A soldier ant (D:11)
  A sky beast (D:10)
  10 centaurs
  An ice beast (D:5)
  2 black bears
  3 ogres
  A big kobold (D:13)
  A giant frog (D:11)
  A killer bee (D:8)
  A scorpion (D:4)
  3 wights (D:13)
  3 crimson imps
  A centaur zombie (D:8)
  A giant frog skeleton (D:6)
  A quasit (D:13)
  A jelly (D:6)
  2 hounds
  Crazy Yiuf (D:2)
  8 orc priests
  The ghost of 4thArraOfDagon the Grave Robber, a weakling FeNe (D:5)
  6 orc wizards
  Jessica (D:2)
  An iguana (D:4)
  4 worker ants
  A killer bee zombie (D:10)
  2 hound skeletons
  4 gnolls
  9 adders
  2 oozes (D:2)
  An adder zombie (D:7)
  An adder skeleton (D:5)
  A worm (D:2)
  3 giant geckos
  23 orcs
  5 bats
  8 giant cockroaches
  3 goblins
  3 hobgoblins
  10 jackals
  13 kobolds
  3 quokkas
  2 giant gecko skeletons (D:4)
  3 giant newts
  A jackal skeleton (D:6)
  3 rats
175 creatures vanquished.

Vanquished Creatures (collateral kills)
  An ogre (D:3)
  A centaur (D:5)
  2 orc priests (D:5)
  2 orc wizards (D:5)
6 creatures vanquished.

Vanquished Creatures (others)
  An orc (D:11)
  A kobold (D:3)
2 creatures vanquished.

Grand Total: 183 creatures vanquished

Notes
Turn   | Place    | Note
--------------------------------------------------------------
     0 | D:1      | 4thArraOfDagon the Draconian Artificer began the quest for the Orb.
     0 | D:1      | Reached XP level 1. HP: 16/16 MP: 3/3
   107 | D:1      | Reached skill level 1 in Unarmed Combat
   184 | D:2      | Reached XP level 2. HP: 11/23 MP: 4/4
   256 | D:2      | Noticed Jessica
   274 | D:2      | Killed Jessica
   274 | D:2      | Reached XP level 3. HP: 18/28 MP: 5/5
   394 | D:2      | Found a faded altar to an unknown god.
   460 | D:3      | Noticed an ogre
   466 | D:3      | Killed an ogre
   466 | D:3      | Reached XP level 4. HP: 16/36 MP: 6/6
   667 | D:4      | Reached skill level 4 in Unarmed Combat
   667 | D:4      | Reached XP level 5. HP: 10/41 MP: 7/7
   729 | D:4      | Found a glowing golden altar of the Shining One.
   800 | D:5      | Entered Level 5 of the Dungeon
   955 | D:5      | Noticed an ogre
   976 | D:5      | Killed an ogre
   976 | D:5      | Reached XP level 6. HP: 47/50 MP: 8/8
  1036 | D:5      | Reached skill level 5 in Unarmed Combat
  1070 | D:5      | Found an iron altar of Okawaru.
  1307 | D:6      | Your scales start taking on a pale cyan-grey colour.
  1307 | D:6      | Reached XP level 7. HP: 40/57 MP: 9/9
  1334 | D:6      | Found a sparkling altar of Nemelex Xobeh.
  1338 | D:6      | Found an oddly glowing altar of Pakellas.
  1341 | D:6      | Found a shimmering altar of Xom.
  1423 | D:7      | Got a clouded jade ring
  1424 | D:7      | Identified the ring of Wextugum {rC+ rN++ MP-9 Stlth+} (You found it on level 7 of the Dungeon)
  1431 | D:7      | Found a staircase to the Ecumenical Temple.
  1444 | Temple   | Entered the Ecumenical Temple
  1452 | Temple   | Became a worshipper of Cheibriados the Contemplative
  1518 | D:7      | Reached skill level 6 in Unarmed Combat
  1646 | D:5      | Noticed 4thArraOfDagon's ghost (weakling FeNe)
  1672 | D:5      | Killed 4thArraOfDagon's ghost
  1672 | D:5      | Reached skill level 1 in Invocations
  1886 | D:4      | Reached * piety under Cheibriados
  1886 | D:4      | Reached XP level 8. HP: 37/67 MP: 10/10
  2047 | D:2      | Noticed Sigmund
  2062 | D:2      | Killed Sigmund
  2062 | D:2      | Reached skill level 7 in Unarmed Combat
  2112 | D:2      | Noticed Crazy Yiuf
  2120 | D:2      | Killed Crazy Yiuf
  2349 | D:3      | Found an opulent altar of Gozag.
  2350 | D:3      | Found a glowing silver altar of Zin.
  2532 | D:4      | Found a white marble altar of Elyvilon.
  2637 | D:6      | Reached skill level 5 in Fighting
  2973 | D:7      | Reached ** piety under Cheibriados
  3077 | D:8      | You fall through a shaft for 3 floors!
  3181 | D:11     | Noticed a troll
  3187 | D:11     | Killed a troll
  3187 | D:11     | Reached skill level 5 in Dodging
  3187 | D:11     | Reached skill level 8 in Unarmed Combat
  3216 | D:11     | Noticed a cyan ugly thing
  3228 | D:11     | Killed a cyan ugly thing
  3228 | D:11     | Reached XP level 9. HP: 35/75 MP: 10/12
  3322 | D:11     | Got a crystal hand axe
  3330 | D:10     | Entered Level 10 of the Dungeon
  3330 | D:10     | Noticed a hill giant
  3342 | D:10     | Killed a hill giant
  3342 | D:10     | Reached skill level 9 in Unarmed Combat
  3478 | D:10     | Reached skill level 5 in Invocations
  3503 | D:10     | Noticed a deep elf mage
  3513 | D:10     | Killed a deep elf mage
  3602 | D:10     | Reached XP level 10. HP: 81/86 MP: 14/14
  3730 | D:11     | Reached *** piety under Cheibriados
  3753 | D:11     | Found a staircase to the Orcish Mines.
  3765 | D:11     | Reached skill level 10 in Unarmed Combat
  4080 | D:11     | Noticed a cyclops
  4102 | D:11     | Killed a cyclops
  4134 | D:11     | Reached **** piety under Cheibriados
  4344 | D:12     | Identified the +11 hand axe of Qebienudd {chop, rElec rF+ Int+2} (You found it on level 11 of the Dungeon)
  4349 | D:12     | Noticed a hill giant
  4349 | D:12     | Noticed a six-headed hydra
  4487 | D:13     | Noticed a deep elf mage
  4497 | D:13     | Killed a deep elf mage
  4807 | D:13     | Noticed a centaur warrior
  4815 | D:13     | Reached skill level 11 in Unarmed Combat
  4817 | D:13     | Killed a centaur warrior
  4820 | D:13     | Reached XP level 11. HP: 46/95 MP: 16/16
  4823 | D:13     | Killed from afar by an efreet

Vault maps used:
D:1:      nicolae_arrival_somewhat_less_tricky_arrival, dk_noncrumbling_2,
          kennysheep_boxes
D:2:      ecumenical_altar_2, st_stairs_3, minmay_shallow_snake_nest,
          uniq_sigmund, uniq_crazy_yiuf_cottage, uniq_jessica
D:3:      grunt_temple_overflow_gold_and_silver,
          nicolae_ru_great_annihilating_truth, serial_glass, glass_columns_a,
          glass_columns_c, uniq_robin
D:4:      kennysheep_little_box, first_bread, tso_altar
D:5:      marbit_many_paths
D:6:      minmay_overflow_temple_star_quad
D:7:      minmay_temple_entry_water_ring
D:8:      david_nohive_1, minmay_item_behind_shaft, serial_bayou_ford_a,
          kennysheep_generic_room_13
D:9:      lair_0_dummy
D:11:     erik_orc_3
D:12:     portal_ice_cave_entry_pillars_01, uniq_fannar
D:13:     erik_vaults_1
Temple:   temple_eino_lava_12

Action                   |  1- 3 |  4- 6 |  7- 9 | 10-12 || total
-------------------------+-------+-------+-------+-------++-------
Melee: Unarmed           |   100 |    67 |   214 |   115 ||   496
 Fire: Blowgun           |       |     4 |    19 |    10 ||    33
Invok: Slouch            |       |       |       |     1 ||     1
 Abil: Breathe Steam     |       |       |    29 |    20 ||    49
Evoke: Wand              |    14 |    11 |     1 |       ||    26
  Use: Potion            |       |     1 |     3 |       ||     4
       Scroll            |       |     2 |       |    15 ||    17
 Stab: Sleeping          |     1 |     2 |     9 |     3 ||    15
       Paralysed         |     6 |       |       |       ||     6
       Distracted        |       |       |     1 |     2 ||     3
  Eat: Chunk             |       |     2 |     8 |     5 ||    15
